cohdb
Replays
Latest Replays
All Replays
Popular Replays
Top Player Replays
Match Explorer
How It Works
Community
CoH3 Stats
Reddit
Sign in to upload your games and track your stats! →
Sign in with Steam
Match 45515650
Unlisted
Match 45515650
Overview
Messages
Build Orders
End
Selects Italian Combined Arms Battlegroup
Selects Bersaglieri Squad
Bersaglieri Squad
Bersaglieri Squad
Construct Light Support Kompanie
Bersaglieri Squad
MG34 Team
Fire Support Elements
Selects Bersaglieri Bolster
Construct Mechanized Kompanie
Bersaglieri Squad
Panzerjäger Mechanized Group
StuG III D Assault Gun
Dune_el
jigsaw
中二青年
番茄
[PER]Buccefalo
LiamM
Dark Lord Cthulhu
TheJuiceBoy
0
0
Comments
sign in to comment!
No comments posted yet!